 Dungeon Crawl Stone Soup version 0.23.1 (webtiles) character file.

Game seed: 1332330428070088104

279 Norn the Poker (level 6, -3/47 HPs)
             Began as a Merfolk Skald on Mar 6, 2019.
             Killed from afar by an orc wizard (10 damage)
             ... with a puff of flame
             ... on level 3 of the Dungeon.
             The game lasted 00:09:18 (4743 turns).

Norn the Poker (Merfolk Skald)                      Turns: 4743, Time: 00:09:19

Health: -3/47      AC:  5    Str: 13    XL:     6   Next: 26%
Magic:  9/9        EV: 12    Int: 12    God:
Gold:   57         SH:  0    Dex: 14    Spells: 5/9 levels left

rFire    . . .     SeeInvis .   a - +0 spear
rCold    . . .     Gourm    .   (no shield)
rNeg     . . .     Faith    .   d - +0 ring mail
rPois    .         Spirit   .   (no helmet)
rElec    .         Reflect  .   (no cloak)
rCorr    .         Harm     .   (no gloves)
MR       .....                  (no boots)
Stlth    +.........             (no amulet)
HPRegen  0.15/turn              (no ring)
MPRegen  0.11/turn              (no ring)

@: no status effects
A: change form in water, swift swim, stealthy swim
a: no special abilities


You were on level 3 of the Dungeon.
You were not hungry.

You visited 1 branch of the dungeon, and saw 4 of its levels.

You collected 57 gold pieces.

Inventory:

Hand Weapons
 a - a +0 spear (weapon)
 p - a +0 blowgun
   (You took it off a kobold on level 3 of the Dungeon)
Missiles
 q - 38 poisoned needles
Armour
 b - a +0 leather armour
 d - a +0 ring mail (worn)
   (You took it off a goblin on level 1 of the Dungeon)
 k - a cursed -2 pair of gloves
   (You found it on level 2 of the Dungeon)
Jewellery
 j - an uncursed amulet of faith {!P}
   (You took it off a kobold on level 1 of the Dungeon)
 o - an uncursed ring of fire {unknown}
   (You found it on level 2 of the Dungeon)
Scrolls
 i - a scroll of magic mapping {unknown}
 m - a scroll of enchant weapon {unknown}
Potions
 c - 2 potions of degeneration {unknown}
 f - a potion of curing {@q1}
 h - 2 potions of resistance {unknown}
 l - a potion of berserk rage {unknown}
Comestibles
 e - 5 rations {!d}
 g - a chunk of flesh


   Skills:
 + Level 3.5 Fighting
 * Level 6.0 Polearms
 - Level 0.6 Armour
 + Level 4.3 Dodging
 - Level 2.0 Spellcasting
 + Level 1.4 Hexes
 + Level 4.3 Charms


You had 5 spell levels left.
You knew the following spells:

 Your Spells              Type           Power        Failure   Level  Hunger
a - Infusion              Chrm           ##..         10%         1    ##.....
t - Spectral Weapon       Hex/Chrm       #.......     47%         3    ####...

Your spell library contained the following spells:

 Spells                   Type           Power        Failure   Level  Hunger
 Song of Slaying          Chrm           ##......     14%         2    ###....
 Shroud of Golubria       Chrm/Tloc      #.........   34%         2    ###....
 Regeneration             Chrm/Necr      #.........   56%         3    ####...


Dungeon Overview and Level Annotations

Branches:
Dungeon (4/15)
 Temple: D:4-7

Altars:
Gozag
Hepliaklqana
Qazlal
Ru

Shops:
D:2 *

Annotations:
D:3 Sigmund


Message History

No target in view!
You see here a jackal corpse.
You butcher the jackal corpse.
g - 2 chunks of flesh You see here a jackal skeleton.
There is a stone staircase leading down here.
Eat one of 2 chunks of flesh? (ye/n/q)
You eat one of the 2 chunks of flesh.
You climb downwards.
The orc priest invokes the aid of Beogh against you.
Beogh smites you!
The orc wizard hits you with a +0 dagger.
There is a stone staircase leading up, spattered with blood here.
The orc wizard hits you with a +0 dagger.
You climb upwards.
Level annotation: Sigmund
There is a stone staircase leading down here.
You hit the orc wizard.
The orc wizard hits you but does no damage.
You hit the orc wizard.
The orc wizard hits you with a +0 dagger.
* * * LOW HITPOINT WARNING * * *
You barely miss the orc wizard.
The orc wizard hits you but does no damage.
You completely miss the orc wizard.
The orc wizard gestures at you while chanting.
The puff of flame hits you!
* * * LOW HITPOINT WARNING * * *
You barely miss the orc wizard. You hit the orc wizard.
The orc wizard hits you with a +0 dagger.
* * * LOW HITPOINT WARNING * * *
You hit the orc wizard. The orc wizard completely misses you.
You closely miss the orc wizard.
The orc wizard hits you but does no damage.
You completely miss the orc wizard.
The orc wizard points at you and mumbles some strange words.
The puff of flame hits you!
* * * LOW HITPOINT WARNING * * *
You feel better.
The orc wizard hits you with a +0 dagger.
* * * LOW HITPOINT WARNING * * *
You barely miss the orc wizard. You hit the orc wizard.
The orc wizard misses you.
You hit the orc wizard.
The orc wizard hits you but does no damage.
You barely miss the orc wizard. The orc wizard casts a spell at you.
The puff of flame hits you!
You die...

#....###.......# #.....#####....
.....(.(..._...# #..............
#....###.......####......####....
#...(####.....###....###.# #....
....(...##...###..##.# #.# ##...
#.##(....##### #.###.# #.# ###.
.[##.....### #)# #.# #.## #.
######.....# #o# #.# #..# #.
##....#####@# #.# ##.### #.
#.##..##.<รท###.# #...####.
#)##.....####..# ###...##.
#...#...##....## ####.....
####.#...##.###### #.....#..
#................###..#### #
#.###.###...####.##...# #####.#
#..##.#...........######
#.....####>##.######.##.........


You could see an orc wizard.

Vanquished Creatures
  A bullfrog (D:2)
  A jelly (D:2)
  4 adders (D:2)
  7 gnolls
  A worm (D:2)
  A leopard gecko (D:2)
  An orc (D:3)
  4 giant cockroaches
  10 goblins
  11 hobgoblins
  11 jackals
  7 kobolds
  A quokka (D:2)
  4 bats
  A frilled lizard (D:1)
  10 rats
75 creatures vanquished.

Notes
Turn   | Place    | Note
-------+----------+-------------------------------------------
     0 | D:1      | Norn the Merfolk Skald began the quest for the Orb.
     0 | D:1      | Reached XP level 1. HP: 16/16 MP: 3/3
   331 | D:1      | Reached XP level 2. HP: 22/23 MP: 5/5
   823 | D:1      | Reached XP level 3. HP: 28/28 MP: 6/6
   880 | D:1      | Reached skill level 4 in Polearms
  1412 | D:1      | Reached XP level 4. HP: 17/34 MP: 7/7
  1709 | D:2      | Learned a level 3 spell: Spectral Weapon
  2121 | D:2      | Reached skill level 5 in Polearms
  2121 | D:2      | Reached XP level 5. HP: 31/41 MP: 8/8
  2663 | D:2      | Found Gozag's Platinum Reserve.
  2664 | D:2      | Found an opulent altar of Gozag.
  2785 | D:2      | Reached skill level 1 in Hexes
  2785 | D:2      | Reached XP level 6. HP: 16/47 MP: 9/9
  3246 | D:2      | Found a hazy altar of Hepliaklqana.
  3423 | D:3      | Found a stormy altar of Qazlal.
  3585 | D:3      | Noticed Sigmund
  4063 | D:3      | Found a sacrificial altar of Ru.
  4092 | D:3      | Reached skill level 6 in Polearms
  4743 | D:3      | Killed from afar by an orc wizard

Skill      XL: |  1  2  3  4  5  6 |
---------------+-------------------+-----
Dodging        | 3 4 |  4.3
Polearms       | 4 5 6 |  6.0
Fighting       | 3 |  3.5
Charms         | 4 |  4.3
Hexes          | 1 |  1.4
Armour         | |  0.6
Spellcasting   | |  2.0

Action                   |  1- 3 |  4- 6 || total
-------------------------+-------+-------++-------
Melee: Spear             |   142 |   278 ||   420
  Use: Scroll            |       |     3 ||     3
       Potion            |       |     2 ||     2
  Eat: Chunk             |     2 |    10 ||    12
Armor: Leather armour    |     5 |       ||     5
       Ring mail         |    22 |    72 ||    94
Dodge: Dodged            |    60 |   134 ||   194
